Map: Глубоководный риф РВ

Players

Driftoss - Winner!

  • Race: Protoss Protoss
  • League: Diamond
  • Spawn Location: 11:00

Dessa

  • Race: Zerg Zerg
  • League: Diamond
  • Spawn Location: 5:00

VOD

Have the link to the VOD?

Description

Time

  • Played on: Dec. 8, 2017, 4:49 a.m.
  • Length: 9:41
Show
View Real Time Build Order
Export as new Build Order

Driftoss Protoss - Winner!

Build Orders: Zealot Archon, Dark Templar Rush 

Get SALT Encoding   

  12  0:01  Probe  
  13  0:13  Probe  
  14  0:19  Pylon  
  14  0:25  Probe  
  15  0:37  Probe  
  16  0:47  Gateway  
  16  0:51  Probe  
  17  1:03  Probe  
  18  1:12  Gateway  
  18  1:17  Probe (Chrono Boost)  
  19  1:26  Assimilator  
  19  1:29  Probe (Chrono Boost), Assimilator  
  20  1:34  Cybernetics Core  
  20  1:38  Pylon  
  20  1:47  Probe  
  21  1:59  Probe  
  22  2:11  Adept x2, Probe  
  27  2:16  Warp Gate (Chrono Boost)  
  27  2:23  Pylon  
  27  2:33  Probe  
  28  2:38  Adept  
  30  2:46  Probe  
  30  2:54  Adept  
  30  2:58  Twilight Council  
  32  3:00  Gateway  
  32  3:05  Adept  
  32  3:43  Dark Shrine  
  32  3:51  Gateway  
  32  3:52  Gateway  
  32  3:55  Pylon  
  32  3:56  Pylon, Charge  
  32  4:12  Forge  
  32  4:14  Zealot  
  32  4:16  Pylon  
  34  4:27  Adept x2  
  34  4:31  Shield Battery  
  34  5:11  Dark Templar  
  34  5:13  Dark Templar x2  
  36  5:22  Dark Templar  
  38  5:35  Zealot  
  40  5:45  Zealot x3  
  46  5:53  Robotics Facility  
  46  6:02  Photon Cannon  
  46  6:05  Pylon  
  46  6:36  Dark Templar x2  
  46  6:38  Zealot x3  
  56  6:42  Pylon  
  56  6:48  Archon  
  56  6:58  Warp Prism (Chrono Boost)  
  58  7:09  Dark Templar  
  58  7:12  Dark Templar  
  58  7:14  Archon x2  
  62  7:24  Archon  
  62  7:43  Nexus  
  62  8:04  Stalker x2  
  50  8:28  Stalker  
Show
View Real Time Build Order
Export as new Build Order

Dessa Zerg 

Build Orders: Hatch First, Muta Ling Bane 

Get SALT Encoding   

  12  0:01  Drone  
  13  0:13  Overlord  
  13  0:18  Drone  
  14  0:32  Drone x2  
  16  0:39  Drone  
  17  0:48  Drone  
  18  1:02  Hatchery  
  18  1:04  Drone  
  18  1:15  Spawning Pool  
  18  1:18  Drone  
  18  1:22  Drone  
  19  1:26  Extractor  
  19  1:30  Drone  
  19  1:41  Drone  
  20  1:52  Overlord  
  20  2:02  Zergling x2  
  21  2:11  Queen  
  24  2:15  Drone  
  24  2:19  Drone  
  25  2:24  Hatchery  
  24  2:34  Drone x3  
  27  2:38  Metabolic Boost  
  27  2:47  Queen  
  27  2:50  Drone  
  31  2:51  Drone  
  31  2:57  Zergling x2  
  32  2:59  Zergling x2  
  32  3:01  Overlord  
  32  3:34  Zergling x4  
  33  3:35  Drone x6  
  39  3:42  Extractor  
  39  3:47  Drone x3  
  41  3:55  Lair  
  41  4:00  Queen  
  43  4:07  Drone x3  
  43  4:09  Drone x2, Extractor  
  47  4:10  Drone x2, Extractor  
  47  4:11  Drone, Overlord  
  50  4:24  Drone  
  50  4:34  Drone x3, Overlord  
  50  4:37  Drone x3  
  56  4:44  Zergling x6  
  57  4:52  Zergling x6  
  56  5:06  Zergling x2  
  56  5:07  Zergling x4  
  57  5:15  Overlord x2  
  57  5:16  Drone x6  
  63  5:36  Drone x4  
  63  5:37  Drone  
  69  5:42  Drone  
  69  5:43  Spire  
  69  5:44  Extractor  
  67  5:56  Drone, Overlord  
  67  5:57  Overlord  
  68  6:02  Zergling x4  
  70  6:07  Drone x3, Evolution Chamber x2  
  70  6:08  Baneling Nest  
  70  6:15  Overseer  
  59  6:26  Spore Crawler  
  59  6:27  Spore Crawler  
  55  6:39  Pneumatized Carapace  
  55  6:45  Hatchery  
  54  6:53  Zerg Melee Weapons Level 1  
  54  6:56  Drone  
  55  7:01  Mutalisk x4  
  55  7:02  Mutalisk x4  
  55  7:05  Zergling x8  
  75  7:23  Drone  
  75  7:27  Hatchery  
  75  7:42  Centrifical Hooks  
  75  7:44  Mutalisk x2  
  75  7:45  Overlord x2  
  75  7:46  Zergling x6  
  75  7:47  Zergling x2  
  75  7:48  Zergling x6  
  86  8:01  Queen  
  86  8:03  Drone x3  
  84  8:37  Zergling x2  
  84  8:38  Zergling x22  
  75  8:43  Zergling x8  
  79  8:54  Zergling x2  
  79  8:55  Zergling x6  
  80  9:01  Zergling x6  
  80  9:02  Zergling x2  
  66  9:05  Queen  
  57  9:13  Zergling x4  
  57  9:14  Zergling x4  
  54  9:22  Spine Crawler  
  54  9:23  Spine Crawler  
  43  9:26  Spine Crawler  
Tags
 
Add a new tag
Caveats
  • Supply blocks, unpowered buildings, or Contaminate may cause inaccurate times.
  • Supply counts are checked every 10 seconds.